 Dungeon Crawl Stone Soup version 0.25-a0-667-gb977e01cb5 (webtiles) character file.

Game seed: 8995457290678967370, levelgen mode: deterministic

241 DasRunzen the Ducker (level 5, 0/44 HPs)
             Began as a Demigod Gladiator on Mar 27, 2020.
             Slain by an orc priest
             ... wielding a +0 whip
              (3 damage)
             ... on level 4 of the Dungeon.
             The game lasted 00:03:53 (2779 turns).

DasRunzen the Ducker (Demigod Gladiator)            Turns: 2779, Time: 00:03:54

Health: 0/44       AC:  5    Str: 17    XL:     5   Next: 51%
Magic:  10/10      EV: 14    Int: 14    God:
Gold:   193        SH:  0    Dex: 17    Spells: 7/7 levels left

rFire    . . .     SeeInvis .   a - +0 trident
rCold    . . .     Gourm    .   (no shield)
rNeg     . . .     Faith    .   b - +0 leather armour
rPois    .         Spirit   .   c - +1 helmet
rElec    .         Reflect  .   (no cloak)
rCorr    .         Harm     .   (no gloves)
MR       .....                  (no boots)
Stlth    +.........             (no amulet)
HPRegen  0.14/turn              (no ring)
MPRegen  0.12/turn              (no ring)

@: no status effects
A: high mp 1
a: no special abilities


You were on level 4 of the Dungeon.
You were not hungry.

You visited 1 branch of the dungeon, and saw 4 of its levels.

You collected 193 gold pieces.

Inventory:

Hand Weapons
 a - a +0 trident (weapon)
Missiles
 d - 4 throwing nets (quivered)
Armour
 b - a +0 leather armour (worn)
 c - a +1 helmet (worn)
Jewellery
 k - an uncursed ring of fire
Scrolls
 e - 4 scrolls of identify
 g - 2 scrolls of teleportation
 h - 5 scrolls of remove curse
Potions
 i - a potion of curing
 j - a potion of flight
Comestibles
 f - 9 rations


   Skills:
 + Level 2.9 Fighting
 + Level 3.5 Polearms
 - Level 1.7 Throwing
 + Level 2.0 Armour
 + Level 3.6 Dodging
 + Level 1.9 Spellcasting


You had 7 spell levels left.
You didn't know any spells.
Your spell library was empty.

Dungeon Overview and Level Annotations

Branches:
Dungeon (4/15)
 Temple: D:4-7


Innate Abilities, Weirdness & Mutations

You have an increased reservoir of magic. (+10% MP)


Message History

The orc priest invokes the aid of Beogh against you.
Pain shoots through your body!
* * * LOW HITPOINT WARNING * * *
You barely miss the orc priest.
The orc priest invokes the aid of Beogh against you.
You struggle to resist.
The orc closely misses you.
You puncture the orc priest!
The orc priest is severely wounded.
The orc priest closely misses you. The orc hits you but does no damage.
You barely miss the orc priest.
The orc priest is severely wounded.
The orc priest barely misses you.
You hit the orc priest but do no damage.
The orc priest is severely wounded.
The orc misses you. The orc priest hits you with a +0 whip.
* * * LOW HITPOINT WARNING * * *
You completely miss the orc priest.
The orc priest is severely wounded.
The orc misses you. The orc priest hits you with a +0 whip.
You die...

### #.#.# #######.###
#.#.# #..........
#.#.###.......... #
........#####.###
###.##.#.###.#####.###
.. ..................
.####.##o#.###.#####....
......o@.!..............
#####.##.#.###.#.###....
# #.......#.####...
#.#..........#...
#.#.##....÷......
#$#.##..#########
.......†.......
#.#.##..#.#####..
.#.#...#.# ..


You could see an orc priest and an orc.

Vanquished Creatures
  A bullfrog zombie (D:4)
  A hound (D:3)
  Natasha (D:3)
  A worker ant (D:3)
  4 adders
  An ooze (D:2)
  5 worms
  A dart slug (D:4)
  3 leopard geckos
  3 orcs (D:4)
  2 bats (D:1)
  14 giant cockroaches (D:2)
  8 goblins
  7 hobgoblins
  5 frilled lizards
  5 kobolds
  9 rats
71 creatures vanquished.

Notes
Turn   | Place    | Note
-------+----------+-------------------------------------------
     0 | D:1      | DasRunzen the Demigod Gladiator began the quest for the
                  | Orb.
     0 | D:1      | Reached XP level 1. HP: 17/17 MP: 3/3
   170 | D:1      | Reached XP level 2. HP: 24/24 MP: 4/4
   848 | D:2      | Reached XP level 3. HP: 19/29 MP: 6/6
   877 | D:2      | You fall into a shaft and drop 1 floor!
   932 | D:2      | Reached skill level 1 in Armour
   973 | D:2      | Reached skill level 1 in Spellcasting
  1426 | D:2      | Reached XP level 4. HP: 32/37 MP: 8/8
  2268 | D:3      | Noticed Natasha
  2275 | D:3      | Killed Natasha
  2275 | D:3      | Reached XP level 5. HP: 31/42 MP: 8/10
  2779 | D:4      | Slain by an orc priest

Levels and vault maps discovered:
D:1:      minmay_arrival_arboretum_small, layout_basic, corexii_hall_statues_i
D:2:      minmay_roachtagon, layout_loops_ring, nrook_uturn
D:3:      layout_loops_ring, minivault_24, uniq_natasha
D:4:      layout_basic, first_ration, uniq_eustachio, uniq_robin

Skill      XL: |  1  2  3  4  5 |
---------------+----------------+-----
Fighting       | 2 |  2.9
Dodging        | 3 |  3.6
Polearms       | 3 |  3.5
Armour         | 1 2 |  2.0
Spellcasting   | 1 |  1.9
Throwing       | |  1.7

Action                   |  1- 3 |  4- 6 || total
-------------------------+-------+-------++-------
Melee: Trident           |   132 |   124 ||   256
  Use: Scroll            |     8 |     3 ||    11
 Stab: Sleeping          |     1 |     5 ||     6
  Eat: Chunk             |     1 |     5 ||     6
Armor: Leather armour    |    29 |    33 ||    62
Dodge: Dodged            |    87 |    88 ||   175

Table legend:
 A = Non-vault XP
 B = Vault XP
 C = Vault XP percentage of total XP
 D = Non-vault monster count
 E = Vault monster count
 F = Vault count percentage of total count
                 A         B        C        D         E       F
            +---------+---------+-------+---------+---------+-------
      Total |     287 |      58 |  16.8 |      59 |      12 |  16.9
            +---------+---------+-------+---------+---------+-------
        D:1 |      25 |       0 |   0.0 |      15 |       0 |   0.0
        D:2 |      86 |      22 |  20.4 |      27 |      11 |  28.9
        D:3 |      81 |      36 |  30.8 |       7 |       1 |  12.5
        D:4 |      95 |       0 |   0.0 |      10 |       0 |   0.0
            +---------+---------+-------+---------+---------+-------
